 Dungeon Crawl Stone Soup version 0.29.0-4-gdea44cf6ec (webtiles) character file.

Game seed: 15865272790218313180

2661 qw the Cleaver (level 9, 0/78 (79) HPs)
             Began as a Minotaur Fighter on Sept 4, 2022.
             Was a Follower of Ru.
             Slain by a sky beast (6 damage)
             ... summoned by an orange crystal statue
             ... on level 8 of the Dungeon.
             The game lasted 00:02:27 (6951 turns).

qw the Cleaver (Minotaur Fighter)                   Turns: 6951, Time: 00:02:28

HP:   0/78 (79)     AC: 20    Str: 26      XL:     9   Next: 36%
MP:   1/8           EV:  8    Int:  2 (5)  God:    Ru [*.....]
Gold: 352           SH:  4    Dex:  9      Spells: 8/8 levels left

rFire   . . .      SeeInvis .   Y - +0 war axe (protect)
rCold   . . .      Faith    .   c - +0 buckler
rNeg    . . .      Spirit   .   j - +0 chain mail
rPois   .          Reflect  .   (helmet restricted)
rElec   .          Harm     .   k - +0 cloak
rCorr   .          Rampage  +   g - +0 pair of gloves
Will    .....                   a - +0 pair of boots {rampage}
Stlth   ..........              m - amulet of regeneration
HPRegen 1.03/turn               r - +4 ring of slaying {mikee}
MPRegen 0.11/turn               (no ring)

@: lethally poisoned (0 -> -2), under a protective aura, lightly drained
A: horns 2, missing an eye, retaliatory headbutt
a: Renounce Religion


You were on level 8 of the Dungeon.
You worshipped Ru.
Ru was aware of your devotion.
You visited 2 branches of the dungeon, and saw 9 of its levels.

You collected 352 gold pieces.


Innate Abilities, Weirdness & Mutations

You have a pair of horns on your head.
You are missing an eye, making it more difficult to aim.
You reflexively headbutt those who attack you in melee.


   Skills:
 - Level 7.4 Fighting
 + Level 12.6 Axes
 - Level 2.1 Throwing
 - Level 5.2 Armour
 - Level 2.2 Dodging
 - Level 4.3 Shields


You had 8 spell levels left.
You didn't know any spells.
Your spell library was empty.

Inventory:

Hand Weapons
 s - a +0 morningstar
 Y - a +0 war axe of protection (weapon)
Missiles
 e - 2 boomerangs
 l - 4 javelins (quivered)
Armour
 a - a +0 pair of boots of rampaging (worn)
 c - a +0 buckler (worn)
 g - a +0 pair of gloves (worn)
 j - a +0 chain mail (worn)
 k - a +0 cloak (worn)
 p - a +1 scale mail of fire resistance
Jewellery
 m - an amulet of regeneration (around neck)
 r - a +4 ring of slaying (left hand) {mikee}
Scrolls
 f - a scroll of identify
Potions
 b - a potion of resistance
 d - a potion of might
 n - a potion of cancellation
 o - a potion of heal wounds {unknown}
 q - a potion of haste {unknown}

Dungeon Overview and Level Annotations

Branches:
Dungeon (8/15)             Temple (1/1) D:5
   Lair: D:8-11

Altars:
Ashenzari
Cheibriados
Dithmenos
Elyvilon
Fedhas
Kikubaaqudgha
Qazlal
Ru
Sif Muna
Vehumet

Shops:
D:3 (


Message History

The killer bee stings you but does no damage.
You slice the killer bee!!
Your weapon exudes an aura of protection.
You kill the killer bee!
The killer bee's corpse dissolves into shadows!
You barely miss the killer bee. You closely miss the sky beast.
You miss the killer bee. You completely miss the killer bee.
The killer bee closely misses you. x3
The sky beast hits you but does no damage.
The killer bee barely misses you. x2
You're too confused to move!
The killer bee stings you but does no damage.
The killer bee stings you.
The killer bee completely misses you. x2
The sky beast hits you but does no damage.
The killer bee is stunned by your conviction and fails to attack.
The killer bee stings you but does no damage. x3
The orange crystal statue fixes its piercing gaze on you.
You completely miss the killer bee. Your headbutt misses the killer bee.
You miss the killer bee. You barely miss the killer bee.
You miss the sky beast. You completely miss the killer bee.
You feel less confused. You block the killer bee's attack.
The killer bee stings you.
You are poisoned.
The killer bee poisons you! The killer bee barely misses you. x2
You furiously retaliate!
You headbutt the killer bee. The sky beast closely misses you.
The orange crystal statue glitters.
You resist with some effort.
The killer bee stings you but does no damage.
The killer bee stings you!
The killer bee stings you but does no damage.
The killer bee completely misses you.
You miss the killer bee. Your headbutt misses the killer bee.
The killer bee is lightly wounded.
You closely miss the sky beast. You closely miss the killer bee. x3
You feel sick.
The killer bee stings you but does no damage. x2
The killer bee barely misses you. x2; The sky beast hits you.
The sky beast shocks you.
You die...

¤¤¤¤Dy.~~~¤~~........#
.#....~~~~!.~~....##.#
.#....~¤.~."~~....##.#
......~¤)8.¤~..?..##.#
##....y.¤¤~~.~....##.#
#%%%%.~c¤~¤~......##..
#...))..¤....¤....##.. .
#......¤.¤.....Yyy##....
##.............y@y......
###...............##....
.....y...........## ...
...K...########### ).
.......# . .......#
/......# ##.[....
#.......


You could see an orange crystal statue, a sky beast (summoned) and 4 killer
bees.

Vanquished Creatures
  Grinder (D:5)
  2 yaks (D:8)
  Eustachio (D:5)
  A water moccasin (D:5)
  An ice beast (D:8)
  2 black bears (D:4)
  A phantom (D:5)
  A bullfrog (D:6)
  2 necrophages
  3 scorpions
  3 wights (D:7)
  4 killer bees (D:8)
  2 lava snakes (D:8)
  2 hounds
  3 orc priests (D:7)
  3 jellies (D:6)
  Ijyb (D:5)
  Terence (D:2)
  3 iguanas
  3 orc wizards
  9 gnolls
  9 adders
  2 white imps
  3 ufetubi
  2 worms
  2 dart slugs
  12 orcs
  7 ball pythons
  5 bats (D:1)
  5 endoplasms
  3 giant cockroaches
  3 hobgoblins
  2 jackals (D:1)
  A quokka (D:1)
  2 frilled lizards
  11 goblins
  5 kobolds
  2 rats
125 creatures vanquished.

Vanquished Creatures (others)
  A yak (D:8)
1 creature vanquished.

Grand Total: 126 creatures vanquished

Notes
Turn   | Place    | Note
-------+----------+-------------------------------------------
     0 | D:1      | qw the Minotaur Fighter began the quest for the Orb.
     0 | D:1      | Reached XP level 1. HP: 19/19 MP: 0/0
     0 | D:1      | 0 ||| qw: Version: 0.1-a-103-gd6f5d3a
     0 | D:1      | 0 ||| qw: Game counter: 5650
     0 | D:1      | 0 ||| qw: Always use a shield: true
     0 | D:1      | 0 ||| qw: God list: Ru
     0 | D:1      | 0 ||| qw: Allow faded altars: false
     0 | D:1      | 0 ||| qw: Do Orc after D:15 true
     0 | D:1      | 0 ||| qw: Do second Lair branch before Depths: true
     0 | D:1      | 0 ||| qw: Lair rune preference: random
     0 | D:1      | 0 ||| qw: Plans: Normal
     0 | D:1      | 0 ||| PLANNING D:1-11
   196 | D:1      | 196 ||| Stepping ~*~*~tactically~*~*~ (hiding).
   311 | D:1      | Reached skill level 3 in Axes
   361 | D:1      | Reached XP level 2. HP: 26/26 MP: 1/1
   462 | D:1      | Found a faded altar of an unknown god.
   491 | D:1      | 491 ||| Stepping ~*~*~tactically~*~*~ (stealth).
   616 | D:1      | Reached skill level 4 in Axes
   616 | D:1      | Reached XP level 3. HP: 31/31 MP: 2/2
   652 | D:1      | 652 ||| Stepping ~*~*~tactically~*~*~ (stealth).
   960 | D:1      | 960 ||| DROPPING +0 leather armour of willpower.
   961 | D:1      | 961 ||| UPGRADING to +0 cloak.
   966 | D:1      | 966 ||| READING scroll labelled ETAJOL ECWO.
   967 | D:1      | 967 ||| READING 2 scrolls labelled FUEGAUNUZE.
   971 | D:1      | 971 ||| READING scroll labelled LIWOEC YPISH.
   972 | D:1      | 972 ||| DRINKING 3 fuming orange potions.
  1015 | D:1      | 1015 ||| DROPPING 2 potions of lignification.
  1022 | D:2      | Noticed Terence
  1022 | D:2      | Found a blossoming altar of Fedhas.
  1035 | D:2      | Killed Terence
  1036 | D:2      | Reached skill level 5 in Axes
  1036 | D:2      | 1036 ||| STAIRDANCE
  1194 | D:2      | 1194 ||| DROPPING +0 club.
  1211 | D:2      | 1211 ||| Stepping ~*~*~tactically~*~*~ (hiding).
  1215 | D:2      | 1215 ||| Stepping ~*~*~tactically~*~*~ (hiding).
  1449 | D:2      | 1449 ||| Stepping ~*~*~tactically~*~*~ (stealth).
  1471 | D:2      | Reached XP level 4. HP: 39/39 MP: 3/3
  1505 | D:2      | 1505 ||| Stepping ~*~*~tactically~*~*~ (hiding).
  1512 | D:2      | Reached skill level 1 in Dodging
  1512 | D:2      | 1512 ||| FLEEEEING.
  1513 | D:2      | 1513 ||| FLEEEEING.
  1514 | D:2      | 1514 ||| FLEEEEING.
  1572 | D:2      | 1572 ||| FLEEEEING.
  1630 | D:2      | 1630 ||| Stepping ~*~*~tactically~*~*~ (stealth).
  1631 | D:2      | 1631 ||| Stepping ~*~*~tactically~*~*~ (stealth).
  1852 | D:2      | 1852 ||| Stepping ~*~*~tactically~*~*~ (stealth).
  1853 | D:2      | 1853 ||| Stepping ~*~*~tactically~*~*~ (stealth).
  1855 | D:2      | 1855 ||| Stepping ~*~*~tactically~*~*~ (hiding).
  1867 | D:2      | Reached skill level 6 in Axes
  1867 | D:2      | Reached XP level 5. HP: 21/45 MP: 4/4
  2069 | D:2      | 2069 ||| READING scroll labelled HOCHAZO SYPRO.
  2070 | D:2      | 2070 ||| READING scroll labelled CYEPNENK QICE.
  2071 | D:2      | 2071 ||| DRINKING 2 dark potions.
  2172 | D:2      | 2172 ||| READING 2 scrolls of identify.
  2172 | D:2      | 2172 ||| IDENTIFYING fuming green potion
  2173 | D:2      | 2173 ||| DROPPING potion of ambrosia.
  2176 | D:3      | 2176 ||| STAIRDANCE
  2185 | D:3      | 2185 ||| STAIRDANCE
  2191 | D:3      | 2191 ||| STAIRDANCE
  2221 | D:3      | Found Huyvvif's Antique Weapon Boutique.
  2282 | D:3      | 2282 ||| SHOPLISTING encrusted mace (184 gold, have 102).
  2282 | D:3      | 2282 ||| SHOPLISTING runed war axe (149 gold, have 102).
  2533 | D:3      | Reached skill level 7 in Axes
  2956 | D:3      | 2956 ||| UPGRADING to +0 pair of gloves.
  2961 | D:3      | 2961 ||| UPGRADING to +0 chain mail.
  2971 | D:3      | 2971 ||| DROPPING +0 scale mail.
  3161 | D:4      | Reached XP level 6. HP: 52/52 MP: 5/5
  3314 | D:4      | Reached skill level 8 in Axes
  3583 | D:4      | Reached skill level 9 in Axes
  3583 | D:4      | Reached XP level 7. HP: 59/59 MP: 6/6
  3728 | D:4      | 3728 ||| READING scroll labelled COGGUUZAGIJ.
  3729 | D:4      | 3729 ||| DRINKING 2 ruby potions.
  3734 | D:4      | 3734 ||| Stepping ~*~*~tactically~*~*~ (stealth).
  3735 | D:4      | 3735 ||| Stepping ~*~*~tactically~*~*~ (stealth).
  3736 | D:4      | 3736 ||| Stepping ~*~*~tactically~*~*~ (stealth).
  3770 | D:5      | Entered Level 5 of the Dungeon
  3773 | D:5      | Noticed Eustachio
  3793 | D:5      | Killed Eustachio
  3930 | D:5      | Found a stormy altar of Qazlal.
  3984 | D:5      | Noticed Ijyb
  3987 | D:5      | Killed Ijyb
  4022 | D:5      | Found a staircase to the Ecumenical Temple.
  4023 | D:5      | 4023 ||| PLANNING TEMPLE
  4026 | D:5      | Noticed Grinder
  4038 | D:5      | Paralysed by Grinder for 5 turns
  4046 | D:5      | Paralysed by Grinder for 5 turns
  4051 | D:5      | Killed Grinder
  4052 | D:5      | Reached skill level 10 in Axes
  4052 | D:5      | Reached XP level 8. HP: 42/68 MP: 7/7
  4179 | Temple   | Entered the Ecumenical Temple
  4188 | Temple   | Became a worshipper of Ru the Awakened
  4190 | Temple   | 4190 ||| PLANNING D:1-11
  4227 | D:5      | 4227 ||| DROPPING +3 war axe.
  4399 | D:5      | Found a radiant altar of Vehumet.
  4400 | D:5      | 4400 ||| Stepping ~*~*~tactically~*~*~ (hiding).
  4401 | D:5      | 4401 ||| Stepping ~*~*~tactically~*~*~ (hiding).
  4508 | D:5      | 4508 ||| DROPPING +0 flail.
  4590 | D:5      | Found a shadowy altar of Dithmenos.
  4750 | D:5      | Reached skill level 6 in Fighting
  4845 | D:5      | 4845 ||| UPGRADING to +4 ring of slaying {mikee}.
  4846 | D:5      | 4846 ||| READING scroll labelled OCIYCI PESHACUC.
  4847 | D:5      | 4847 ||| READING scroll labelled GADIOD MALELL.
  4847 | D:5      | Identified a scroll of acquirement
  4847 | D:5      | 4847 ||| ACQUIRING +0 pair of boots of rampaging
  4847 | D:5      | Acquired a +0 pair of boots of rampaging
  4849 | D:5      | 4849 ||| UPGRADING to +0 pair of boots of rampaging.
  4854 | D:5      | 4854 ||| DRINKING 2 white potions.
  4855 | D:5      | 4855 ||| DROPPING potion of degeneration.
  4856 | D:5      | 4856 ||| READING 5 scrolls of teleportation.
  5234 | D:6      | Reached skill level 11 in Axes
  5262 | D:6      | 5262 ||| Stepping ~*~*~tactically~*~*~ (hiding).
  5538 | D:6      | Found an ancient bone altar of Kikubaaqudgha.
  5559 | D:6      | 5559 ||| INVOKING Sacrifice an Eye.
  5559 | D:6      | Gained mutation: You are missing an eye, making it more
                  | difficult to aim. [Ru sacrifice]
  5559 | D:6      | Reached * piety under Ru
  5833 | D:6      | Identified the +3 ring mail of Hiesecamm {Int+4}
  5977 | D:6      | 5977 ||| DROPPING +3 ring mail of Hiesecamm {Int+4}.
  5978 | D:6      | 5978 ||| READING scroll labelled GUDIPR PIYNK.
  5979 | D:6      | 5979 ||| READING 2 scrolls of identify.
  5979 | D:6      | 5979 ||| IDENTIFYING metallic blue potion
  6048 | D:7      | 6048 ||| READING scroll of acquirement.
  6048 | D:7      | 6048 ||| ACQUIRING amulet of regeneration
  6048 | D:7      | Acquired an amulet of regeneration
  6050 | D:7      | 6050 ||| UPGRADING to amulet of regeneration.
  6228 | D:7      | 6228 ||| Stepping ~*~*~tactically~*~*~ (hiding).
  6229 | D:7      | 6229 ||| Stepping ~*~*~tactically~*~*~ (hiding).
  6375 | D:7      | 6375 ||| Stepping ~*~*~tactically~*~*~ (stealth).
  6377 | D:7      | 6377 ||| Stepping ~*~*~tactically~*~*~ (hiding).
  6399 | D:7      | 6399 ||| Stepping ~*~*~tactically~*~*~ (stealth).
  6825 | D:8      | Reached XP level 9. HP: 75/75 MP: 8/8
  6842 | D:8      | Noticed an orange crystal statue
  6854 | D:8      | Reached skill level 12 in Axes
  6855 | D:8      | 6855 ||| DRINKING 2 potions of curing.
  6855 | D:8      | 6855 ||| (to cure confusion)
  6862 | D:8      | 6862 ||| DRINKING potion of curing.
  6862 | D:8      | 6862 ||| (to cure confusion)
  6869 | D:8      | 6869 ||| Stepping ~*~*~tactically~*~*~ (cloud).
  6870 | D:8      | 6870 ||| FLEEEEING.
  6879 | D:8      | HP: 18/79 [yak[an orange crystal statue] (4)]
  6880 | D:8      | 6880 ||| READING 4 scrolls of teleportation.
  6884 | D:8      | HP: 17/79 [poisoned by a killer bee]
  6885 | D:8      | 6885 ||| READING 3 scrolls of teleportation.
  6889 | D:8      | HP: 17/79 [poisoned by a killer bee]
  6904 | D:8      | 6904 ||| Stepping ~*~*~tactically~*~*~ (stealth).
  6914 | D:8      | 6914 ||| FLEEEEING.
  6915 | D:8      | 6915 ||| FLEEEEING.
  6916 | D:8      | 6916 ||| Stepping ~*~*~tactically~*~*~ (hiding).
  6917 | D:8      | 6917 ||| FLEEEEING.
  6920 | D:8      | 6920 ||| FLEEEEING.
  6927 | D:8      | HP: 15/79 [ice beast[an orange crystal statue] (14)]
  6928 | D:8      | 6928 ||| READING 2 scrolls of teleportation.
  6931 | D:8      | 6931 ||| READING scroll of teleportation.
  6932 | D:8      | 6932 ||| FLEEEEING.
  6945 | D:8      | HP: 18/78 [killer bee[an orange crystal statue] (5)]
  6950 | D:8      | HP: 17/78 [killer bee[an orange crystal statue] (1)]
  6951 | D:8      | HP: 6/78 [sky beast[an orange crystal statue] (3)]
  6951 | D:8      | Slain by a sky beast

Levels and vault maps discovered:
D:1:      denvon_arrival_planthouse, layout_loops_ring, basic_ecumenical_altar
D:2:      layout_loops_cross, basic_altar, uniq_terence
D:3:      layout_basic, serial_shops, shop
D:4:      layout_loops_ring, hangedman_decor_lopped
D:5:      layout_basic, vehumet_altar_wand_db, grunt_dithmenos_shadows,
          mainiacjoe_overflow_concentric_impassable, minmay_temple_entry_tees,
          uniq_crazy_yiuf_cottage, uniq_eustachio, uniq_grinder, uniq_ijyb
D:6:      layout_basic, nicolae_overflow_crystal_walls
D:7:      layout_loops_cross
D:8:      layout_basic, grunt_nemelex_the_gamble,
          yredelemnul_forgotten_temple_becter, disabler_island
Temple:   compressed_dpeg_circular_temple

Skill      XL: |  1  2  3  4  5  6  7  8  9 |
---------------+----------------------------+-----
Axes           | 3 4 5 6 7 9 10 11 12 | 12.6
Dodging        | 1 2 |  2.2
Fighting       | 4 5 6 7 |  7.4
Throwing       | 2 |  2.1
Armour         | 5 |  5.2
Shields        | 4 |  4.3

Action                   |  1- 3 |  4- 6 |  7- 9 || total
-------------------------+-------+-------+-------++-------
Melee: War axe           |    66 |   121 |   201 ||   388
       Headbutt          |     6 |    16 |    22 ||    44
Throw: Boomerang         |       |    38 |    10 ||    48
       Javelin           |       |       |    22 ||    22
Invok: Sacrifice an Eye  |       |       |     1 ||     1
  Use: Scroll            |     3 |     3 |    11 ||    17
       Potion            |     1 |     1 |     4 ||     6
Armor: Scale mail        |    32 |    24 |       ||    56
       Chain mail        |       |    44 |   155 ||   199
Dodge: Dodged            |    19 |    55 |    73 ||   147
Block: Buckler           |    18 |    33 |    39 ||    90

Table legend:
 A = Non-vault XP
 B = Vault XP
 C = Vault XP percentage of total XP
 D = Non-vault monster count
 E = Vault monster count
 F = Vault count percentage of total count
                 A         B        C        D         E       F
            +---------+---------+-------+---------+---------+-------
      Total |    3055 |     747 |  19.6 |     118 |       8 |   6.3
            +---------+---------+-------+---------+---------+-------
        D:1 |      50 |       0 |   0.0 |      21 |       0 |   0.0
        D:2 |     151 |      36 |  19.3 |      20 |       1 |   4.8
        D:3 |      92 |       0 |   0.0 |      15 |       0 |   0.0
        D:4 |     511 |       0 |   0.0 |      15 |       0 |   0.0
        D:5 |     239 |     613 |  71.9 |       9 |       5 |  35.7
        D:6 |     495 |       0 |   0.0 |      11 |       0 |   0.0
        D:7 |     562 |       0 |   0.0 |      17 |       0 |   0.0
        D:8 |     955 |      98 |   9.3 |      10 |       2 |  16.7
            +---------+---------+-------+---------+---------+-------
